Map: 中心协议

Players

Quail

  • Race: Protoss Protoss
  • League: Platinum

旋转大猩猩 - Winner!

  • Race: Protoss Protoss
  • League: Platinum

VOD

Have the link to the VOD?

Description

Time

  • Played on: Dec. 3, 2015, 8:23 a.m.
  • Length: 7:55
Show
View Real Time Build Order
Export as new Build Order

Quail Protoss 

Build Orders: 1 Gate Expand 

Get SALT Encoding   

  12  0:01  Probe (Chrono Boost)  
  13  0:11  Probe (Chrono Boost)  
  14  0:17  Pylon  
  14  0:22  Probe (Chrono Boost)  
  15  0:35  Probe (Chrono Boost)  
  16  0:37  Gateway  
  16  0:46  Probe (Chrono Boost)  
  16  0:47  Assimilator  
  17  0:56  Probe (Chrono Boost)  
  18  1:12  Probe (Chrono Boost)  
  19  1:23  Nexus  
  19  1:28  Probe (Chrono Boost)  
  20  1:38  Cybernetics Core  
  20  1:41  Probe (Chrono Boost)  
  21  1:52  Probe (Chrono Boost)  
  22  1:55  Pylon  
  22  2:02  Probe (Chrono Boost)  
  22  2:05  Assimilator  
  23  2:14  Adept  
  27  2:16  Mothership Core (Chrono Boost)  
  27  2:26  Warp Gate  
  27  2:30  Pylon  
  27  2:34  Probe (Chrono Boost)  
  28  2:45  Probe (Chrono Boost)  
  28  2:47  Probe (Chrono Boost)  
  30  2:53  Stalker  
  30  2:55  Probe (Chrono Boost)  
  30  2:57  Probe (Chrono Boost)  
  34  3:05  Robotics Facility  
  34  3:06  Probe (Chrono Boost)  
  34  3:08  Probe (Chrono Boost)  
  36  3:16  Probe (Chrono Boost)  
  37  3:29  Probe x2 (Chrono Boost)  
  39  3:36  Gateway  
  39  3:38  Gateway  
  39  3:39  Probe (Chrono Boost)  
  40  3:43  Probe (Chrono Boost)  
  40  3:45  Stalker  
  42  3:50  Probe (Chrono Boost)  
  42  3:54  Probe (Chrono Boost), Pylon  
  44  4:00  Probe (Chrono Boost)  
  44  4:02  Assimilator  
  45  4:04  Probe (Chrono Boost)  
  46  4:11  Probe (Chrono Boost)  
  46  4:15  Probe (Chrono Boost)  
  48  4:18  Gateway  
  48  4:21  Pylon  
  48  4:22  Probe (Chrono Boost)  
  49  4:25  Probe (Chrono Boost)  
  49  4:28  Assimilator  
  49  4:31  Pylon  
  50  4:32  Probe (Chrono Boost)  
  50  4:34  Observer  
  50  4:36  Probe (Chrono Boost)  
  50  4:55  Probe x2 (Chrono Boost), Warp Prism (Chrono Boost)  
  54  5:05  Probe x2 (Chrono Boost)  
  54  5:06  Stalker x2  
  53  5:14  Probe  
  53  5:16  Probe  
  55  5:21  Pylon  
  55  5:25  Probe  
  56  5:28  Probe, Pylon  
  56  5:29  Immortal (Chrono Boost)  
  56  5:32  Twilight Council  
  61  5:35  Probe  
  61  5:40  Probe  
  63  5:43  Robotics Bay  
  63  5:46  Probe, Adept x3  
  63  5:48  Adept  
  72  5:56  Probe x2  
  74  6:08  Stalker x2  
  78  6:13  Immortal (Chrono Boost)  
  82  6:35  Stalker x4  
  82  6:42  Warp Prism  
  80  6:48  Pylon  
  80  6:53  Gateway  
  82  6:58  Gateway  
  69  7:04  Stalker x2  
  69  7:05  Gateway  
  67  7:12  Stalker x2  
  67  7:13  Probe x2  
  70  7:25  Probe x2  
  60  7:31  Gateway  
  60  7:34  Gateway  
  56  7:37  Probe  
  56  7:38  Probe  
  56  7:43  Stargate  
  61  7:50  Stalker  
Show
View Real Time Build Order
Export as new Build Order

旋转大猩猩 Protoss - Winner!

Build Orders: 1 Gate Expand, Oracle Opening 

Get SALT Encoding   

  12  0:01  Probe (Chrono Boost)  
  13  0:12  Probe (Chrono Boost)  
  14  0:18  Pylon  
  14  0:22  Probe (Chrono Boost)  
  15  0:38  Gateway  
  15  0:40  Probe (Chrono Boost)  
  16  0:48  Assimilator  
  16  0:50  Probe (Chrono Boost)  
  17  1:01  Probe (Chrono Boost)  
  18  1:11  Probe (Chrono Boost)  
  19  1:22  Probe (Chrono Boost)  
  20  1:30  Nexus  
  20  1:39  Cybernetics Core  
  20  1:43  Probe (Chrono Boost)  
  21  1:48  Pylon  
  21  1:52  Assimilator  
  21  2:01  Probe (Chrono Boost)  
  23  2:18  Mothership Core (Chrono Boost)  
  24  2:24  Gateway  
  24  2:36  Probe (Chrono Boost)  
  24  2:46  Gateway, Probe (Chrono Boost)  
  24  2:48  Probe (Chrono Boost)  
  26  2:55  Stargate  
  26  2:57  Probe (Chrono Boost)  
  27  2:58  Warp Gate  
  27  3:02  Probe (Chrono Boost)  
  28  3:08  Pylon  
  28  3:10  Probe (Chrono Boost)  
  28  3:11  Stalker  
  29  3:39  Oracle (Chrono Boost)  
  32  3:42  Probe (Chrono Boost)  
  32  3:43  Probe (Chrono Boost)  
  34  3:52  Probe  
  34  3:55  Probe  
  36  4:00  Stalker x2  
  36  4:02  Probe  
  39  4:07  Probe  
  39  4:13  Probe  
  40  4:19  Probe  
  40  4:23  Probe  
  45  4:24  Void Ray (Chrono Boost)  
  47  4:31  Probe  
  47  4:34  Probe  
  48  4:43  Probe  
  48  4:44  Probe  
  50  4:55  Probe x2  
  52  5:07  Probe  
  53  5:16  Robotics Facility  
  53  5:18  Pylon  
  53  5:22  Assimilator  
  53  5:23  Pylon  
  53  5:24  Assimilator  
  53  5:34  Probe  
  53  5:35  Probe  
  54  5:36  Void Ray (Chrono Boost)  
  59  5:49  Probe, Gateway  
  59  5:51  Probe  
  59  5:53  Gateway  
  59  5:55  Gateway  
  61  6:00  Probe  
  61  6:02  Stalker  
  64  6:09  Observer (Chrono Boost)  
  65  6:20  Pylon  
  65  6:24  Pylon  
  64  6:26  Pylon  
  64  6:28  Immortal (Chrono Boost)  
  64  6:30  Stalker  
  69  6:46  Stalker  
  69  6:47  Stalker  
  73  6:59  Void Ray  
  67  7:01  Stalker x3  
  67  7:08  Immortal (Chrono Boost)  
  78  7:18  Zealot x2  
  76  7:28  Zealot x2  
  76  7:29  Stalker x2  
  79  7:32  Probe x2  
  82  7:46  Pylon  
  82  7:47  Stalker  
  82  7:48  Pylon  
Tags
 
Add a new tag
Caveats
  • Supply blocks, unpowered buildings, or Contaminate may cause inaccurate times.
  • Supply counts are checked every 10 seconds.